 Dungeon Crawl Stone Soup version 0.31-a0-345-g1ebeae05c6 (webtiles) character file.

Game seed: 1960972583264186766

8054 Angani the Mimic (level 11, -8/106 HPs)
             Began as a White Draconian Shapeshifter on July 22, 2023.
             Was an Elder of Wu Jian.
             Mangled by Erica
             ... wielding a +1 scimitar of flaming
              (9 damage)
             ... on level 8 of the Dungeon.
             The game lasted 00:15:58 (8085 turns).

Angani the Mimic (White Draconian Shapeshifter)     Turns: 8085, Time: 00:15:59

Health: -8/106     AC:  9    Str: 26    XL:     11   Next: 4%
Magic:  11/11      EV: 13    Int: 10    God:    Wu Jian [****..]
Gold:   381        SH:  0    Dex: 17    Spells: 10/10 levels left

rFire   . .          .
                       - Unarmed
rCold   . . .        (shield currently unavailable)
rNeg    . . .        (body armour unavailable)
rPois   +            (helmet currently unavailable)
rElec   .            (cloak currently unavailable)
rCorr   .            (gloves currently unavailable)
SInv    .            (boots currently unavailable)
Will    .....        h - amulet of the acrobat
Stlth   ++           m - +6 ring of dexterity
HPRegen 0.37/turn    v - ring of poison resistance
MPRegen 0.12/turn

%: acrobat
@: snake-form
A: constrict, boosted hp, (breathe frost), AC +7, large, unfitting armour, (cold
resistance 1), (cold-blooded)
a: Begin Untransformation, Renounce Religion, Wall Jump, Serpent's Lash


You were on level 8 of the Dungeon.
You worshipped Wu Jian.
Wu Jian was greatly pleased with you.
You were an enormous anaconda.
You visited 2 branches of the dungeon, and saw 9 of its levels.

You collected 381 gold pieces.

Inventory:

Armour
 n - a +0 pair of boots
Jewellery
 h - an amulet of the acrobat (around neck)
 j - an amulet of regeneration
 m - a +6 ring of dexterity (left hand)
 v - a ring of poison resistance (right hand)
 D - a +4 ring of slaying
 E - a ring of positive energy
Talismans
 b - a beast talisman
 u - a serpent talisman
Wands
 y - a wand of iceblast (8)
 B - a wand of digging (6)
Scrolls
 c - 3 scrolls of fog
 d - 3 scrolls of enchant armour {unknown}
 e - a scroll of summoning
 f - 2 scrolls of noise
 k - 2 scrolls of teleportation {unknown}
 q - 2 scrolls of fear
 r - 3 scrolls of vulnerability {unknown}
 s - a scroll of immolation {unknown}
 t - 3 scrolls of amnesia {unknown}
 x - a scroll of brand weapon {unknown}
 z - a scroll of enchant weapon {unknown}
Potions
 a - 3 potions of haste
 g - 3 potions of heal wounds
 i - a potion of might
 l - a potion of resistance
 o - 2 potions of cancellation
 p - 2 potions of brilliance
 C - a potion of lignification
Miscellaneous
 A - a piece from Xom's chessboard (13/15)


   Skills:
 - Level 6.1 Fighting
 - Level 7.1 Dodging
 + Level 8.4 Unarmed Combat
 + Level 10.7 Shapeshifting


You had 10 spell levels left.
You didn't know any spells.
Your spell library contained the following spells:

 Spells                   Type           Power      Damage    Failure   Level
 Slow                     Hex            0%         N/A       36%         1
 Summon Small Mammal      Summ           0%         N/A       36%         1
 Cigotuvi's Dreadful Rot  Necr/Pois/Air  0%         N/A       50%         2
 Confusing Touch          Hex            0%         N/A       75%         3
 Portal Projectile        Hex/Tloc       0%         N/A       75%         3
 Teleport Other           Tloc           0%         N/A       75%         3
 Tukima's Dance           Hex            0%         N/A       75%         3
 Vampiric Draining        Necr           0%         2d6       75%         3
 Dispel Undead            Necr           0%         3d6       98%         4
 Iskenderun's Mystic Bla  Conj/Tloc      0%         2d3       98%         4
 Sticky Flame             Conj/Fire      0%         2d3       98%         4
 Conjure Ball Lightning   Conj/Air       0%         3x3d6     100%        6
 Death Channel            Necr           0%         N/A       100%        6
 Discord                  Hex            0%         N/A       100%        8
 Disjunction              Tloc           0%         N/A       100%        8


Dungeon Overview and Level Annotations

Branches:
Dungeon (8/15)             Temple (1/1) D:4
   Lair: D:8-11

Altars:
Cheibriados
Dithmenos
Elyvilon
Fedhas
Gozag
Kikubaaqudgha
Nemelex Xobeh
Okawaru
Qazlal
Sif Muna
Uskayaw
Vehumet
Wu Jian
Xom
Yredelemnul
Zin
The Shining One

Shops:
D:4 :

Annotations:
D:7 1 runed translucent door
D:8 Erica


Innate Abilities, Weirdness & Mutations

You are an enormous anaconda.
You have a powerful constriction melee attack.
Your maximum health is increased.
Your armour is entirely melded.
You are incapable of wielding weapons or throwing items.
((You can breathe waves of freezing cold which knock back foes.))
((Your icy white scales are hard. (AC +7)))
You cannot fit into any form of body armour.
((Your flesh is cold resistant. (rC+)))
((You are cold-blooded and may be slowed by cold attacks.))


Message History

You closely miss something. Something hits you. Something burns you.
You closely miss something. Something hits you! Something burns you.
You miss something. Something hits you! Something burns you.
You hit something. Something hits you. Something burns you.
You miss something. You closely miss something. Something hits you!
Something burns you.
* * * LOW HITPOINT WARNING * * *
You lash something! Something hits you.
* * * LOW HITPOINT WARNING * * *
Something burns you.
* * * LOW HITPOINT WARNING * * *
You barely miss something. Something completely misses you.
You hit something. Something barely misses you.
You closely miss something.
You hear some strange, mumbled words.
You are confused.
You barely miss something. Something hits you but does no damage.
You bump into the rock wall.
You hear some strange, mumbled words.
A lance of force appears from out of thin air!
The lance of force misses you.
You miss something. You barely miss something.
Erica appears from thin air!
Reactivating autopickup.
Erica closely misses you.
You bump into the rock wall.
Erica hits you with a +1 scimitar of flaming!
* * * LOW HITPOINT WARNING * * *
Erica burns you.
* * * LOW HITPOINT WARNING * * *
You miss Erica.
Erica is almost dead.
Erica hits you with a +1 scimitar of flaming!
* * * LOW HITPOINT WARNING * * *
Erica burns you.
* * * LOW HITPOINT WARNING * * *
You're too confused to move!
You feel less confused.
Erica hits you with a +1 scimitar of flaming!
You die...

..###....# ..... #..#.###.#
....###...###..# #..#.# #.#
.#....###..)#..# #..#.# #.#
..#.#...###....# #..#.# #.#
.#.#.#.!..)##..# #..#.# #.#
..#.#...###....# #..#.# #.#
)#....###......# # #.##.#
#.#
....###...###.####.########
#.#
..###...###....@S.......
..# ### ..# #..#####.####.
#.# # .>...# # #.# ##...##
#.# ..... #"# ##.... #....
.....


You could see Erica.

Vanquished Creatures
  A two-headed ogre (D:6)
  A deep elf pyromancer (D:8)
  An ugly thing (D:8)
  A hornet (D:8)
  A wraith (D:8)
  2 humans (D:7)
  5 yaks (D:7)
  A wyvern (D:8)
  A warg (D:6)
  A water moccasin (D:5)
  A black bear (D:5)
  An ice beast (D:6)
  2 orc warriors
  A sky beast (D:6)
  7 ogres
  3 centaurs
  4 phantoms
  2 kobold brigands
  4 bullfrogs
  4 scorpions (D:5)
  4 gnoll sergeants (D:6)
  9 wights
  A killer bee (D:8)
  10 howler monkeys
  9 hounds
  15 orc priests
  2 sleepcaps
  4 gnoll boudas
  12 orc wizards
  A human skeleton (D:7)
  5 iguanas
  5 adders
  13 gnolls
  A white imp (D:5)
  A worm (D:3)
  A dart slug (D:4)
  34 orcs
  11 ball pythons
  7 endoplasms
  2 giant cockroaches (D:1)
  3 goblins
  6 hobgoblins
  4 jackals
  9 kobolds
  4 quokkas
  4 bats
  3 frilled lizards
  6 rats
230 creatures vanquished.

Notes
Turn   | Place    | Note
-------+----------+-------------------------------------------
     0 | D:1      | Angani the Draconian Shapeshifter began the quest for the
                  | Orb.
     0 | D:1      | Reached XP level 1. HP: 16/16 MP: 1/1
   236 | D:1      | Reached XP level 2. HP: 23/23 MP: 2/2
   872 | D:1      | Reached XP level 3. HP: 28/28 MP: 3/3
  1500 | D:3      | Noticed an orc warrior
  1596 | D:3      | Reached XP level 4. HP: 35/35 MP: 4/4
  1921 | D:3      | Killed an orc warrior
  1922 | D:3      | Reached skill level 4 in Shapeshifting
  1922 | D:3      | Reached XP level 5. HP: 28/40 MP: 5/5
  2199 | D:3      | Found a stormy altar of Qazlal.
  2340 | D:3      | Reached skill level 5 in Unarmed Combat
  2383 | D:4      | Found a staircase to the Ecumenical Temple.
  2407 | Temple   | Entered the Ecumenical Temple
  2561 | D:4      | Noticed an ogre
  2728 | D:4      | Reached XP level 6. HP: 38/49 MP: 6/6
  2786 | D:4      | Found Roakhasy's Book Emporium.
  2793 | D:4      | Reached skill level 5 in Shapeshifting
  2893 | D:4      | Found an ornate altar of the Wu Jian Council.
  2901 | D:4      | Became a worshipper of the Wu Jian Council
  2972 | D:5      | Entered Level 5 of the Dungeon
  3018 | D:5      | Noticed a water moccasin
  3038 | D:4      | Your scales start taking on an icy white colour.
  3038 | D:4      | Reached XP level 7. HP: 57/58 MP: 7/7
  3038 | D:4      | Gained mutation: Your flesh is cold resistant. (rC+) [White
                  | Draconian growth]
  3112 | D:5      | Found a hide-covered altar of Uskayaw.
  3173 | D:5      | Reached skill level 5 in Fighting
  3173 | D:5      | Reached skill level 6 in Shapeshifting
  3238 | D:5      | Reached XP level 8. HP: 24/69 MP: 8/8
  3540 | D:5      | Found a radiant altar of Vehumet.
  3567 | D:5      | Reached * piety under Wu Jian
  4023 | D:6      | You fall into a shaft and drop 1 floor!
  4123 | D:6      | Reached skill level 7 in Shapeshifting
  4747 | D:6      | Reached XP level 9. HP: 75/75 MP: 9/9
  4888 | D:6      | Reached skill level 5 in Dodging
  4896 | D:6      | Reached skill level 8 in Shapeshifting
  5013 | D:6      | Reached ** piety under Wu Jian
  5021 | D:6      | Noticed a two-headed ogre
  5222 | D:6      | Got Viumul's Almanac of the Quantum Missiles
  5257 | D:6      | Killed a two-headed ogre
  5258 | D:6      | Reached skill level 9 in Shapeshifting
  5432 | D:6      | Reached XP level 10. HP: 83/83 MP: 10/10
  6122 | D:7      | Found an iron altar of Okawaru.
  6140 | D:7      | Reached *** piety under Wu Jian
  6445 | D:7      | Found a shimmering blue altar of Sif Muna.
  6465 | D:7      | Got Sif Muna's Tome of Command
  6524 | D:7      | Reached skill level 10 in Shapeshifting
  7000 | D:7      | Found a sparkling altar of Nemelex Xobeh.
  7061 | D:7      | Found a runed translucent door.
  7062 | D:7      | Found a basalt altar of Yredelemnul.
  7581 | D:8      | Noticed a deep elf pyromancer
  7591 | D:8      | Killed a deep elf pyromancer
  7609 | D:8      | Noticed a green ugly thing
  7870 | D:8      | Found a snail-covered altar of Cheibriados.
  8051 | D:8      | Noticed Erica
  8058 | D:8      | Killed a green ugly thing
  8058 | D:8      | Reached **** piety under Wu Jian
  8059 | D:8      | Reached XP level 11. HP: 89/89 MP: 11/11
  8084 | D:8      | HP: 5/106 [Erica/+1 scimitar of flaming (9)]
  8084 | D:8      | HP: 1/106 [Erica/+1 scimitar of flaming (4)]
  8085 | D:8      | Mangled by Erica

Illustrated notes

Levels and vault maps discovered:
D:1:      dpeg_arrival_three_same_balls, layout_basic
D:2:      layout_rooms, minmay_tetromino_o4
D:3:      layout_loops_ring, lemuel_coloured_pillars_altar
D:4:      layout_rooms, nzn_wu_jian_contemplation,
          minmay_temple_entry_statues_fountains, serial_shops, shop
D:5:      layout_basic, nicolae_vehumet_altar_sigil, nicolae_uskayaw_suspiria,
          chequers_serial_rivers_micro_c, nicolae_underground_beach
D:6:      lemuel_castle_with_subvaults [lemuel_castle_interior_carwin_1],
          layout_basic
D:7:      layout_basic, dk_yredelemnul_ordeal, general_overflow_altar,
          led_sif_book, okawaru_humans
D:8:      minmay_the_grid_four_pointed_star
          [minmay_the_grid_triangle_9x9_sparse_checkered,
          minmay_the_grid_triangle_9x9_subtriangle,
          minmay_the_grid_triangle_9x9_pentomino_pain,
          minmay_the_grid_triangle_9x9_limited_checkers,
          minmay_the_grid_prize_shrinking_boxes], layout_basic,
          chei_slow_surprise, minmay_misc_feat_ornament, grunt_decor_resistance,
          uniq_erica
Temple:   pf_temple_reverse_labyrinth

Skill      XL: |  1  2  3  4  5  6  7  8  9 10 |
---------------+-------------------------------+-----
Unarmed Combat | 4 5 8 |  8.4
Shapeshifting  | 4 5 6 7 9 10 | 10.7
Fighting       | 2 3 5 6 |  6.1
Dodging        | 4 7 |  7.1

Action                     |  1- 3 |  4- 6 |  7- 9 | 10-12 || total
---------------------------+-------+-------+-------+-------++-------
  Melee: Unarmed           |   103 |    95 |   253 |   211 ||   662
         Tailslap          |     8 |    10 |    12 |       ||    30
         Punch             |     2 |     2 |     1 |       ||     5
         Constrict         |       |       |    43 |    47 ||    90
Ability: Lunge             |       |     4 |    18 |    25 ||    47
         Breathe Frost     |       |       |     7 |       ||     7
         Whirlwind         |       |       |       |     7 ||     7
  Evoke: Piece from Xom's  |       |       |       |     3 ||     3
    Use: Scroll            |       |     6 |     5 |     1 ||    12
         Potion            |       |     2 |     1 |     2 ||     5
   Stab: Sleeping          |     2 |     2 |       |     1 ||     5
         Distracted        |       |       |     1 |     1 ||     2
         Petrified         |       |       |       |     4 ||     4
         Petrifying        |       |       |       |     2 ||     2
 Armour: Skin              |    31 |    32 |    69 |    31 ||   163
  Dodge: Dodged            |    65 |    54 |   144 |    92 ||   355
   Form: Anaconda          |       |       |     1 |       ||     1

Table legend: (Time is in decaauts)
 A = Elapsed time spent in this place.
 B = Non-inter-level travel time spent in this place.
 C = Inter-level travel time spent in this place.
 D = Time resting spent in this place.
 E = Time spent auto-exploring this place.
 F = Levels seen in this place.
 G = Mean time per level.
                   A        B        C        D        E       F      G
               +--------+--------+--------+--------+--------+-----+--------+
         Total |   8030 |   7693 |    337 |   1523 |   4459 |   9 |  892.2 |
       Dungeon |   7941 |   7680 |    261 |   1523 |   4459 |   8 |  992.6 |
        Temple |     88 |     12 |     76 |      0 |      0 |   1 |   88.0 |
               +--------+--------+--------+--------+--------+-----+--------+

Top non-repeatable levels by time:
     D:6: 1904 daAuts
     D:7: 1272 daAuts
     D:5: 1024 daAuts
     D:3: 978 daAuts
     D:1: 872 daAuts
     D:8: 853 daAuts
     D:2: 547 daAuts
     D:4: 488 daAuts
  Temple: 88 daAuts
